 Dungeon Crawl Stone Soup version 0.20.0-10-g0535bb4 (webtiles) character file.

106 IcyNumb the Poker (level 4, -7/35 HPs)
             Began as a Merfolk Fighter on June 5, 2017.
             Killed from afar by Sigmund (9 damage)
             ... with a magic dart
             ... on level 3 of the Dungeon.
             The game lasted 00:05:20 (2801 turns).

IcyNumb the Poker (Merfolk Fighter)                 Turns: 2801, Time: 00:05:21

Health: -7/35      AC:  7    Str: 16    XL:     4   Next: 84%
Magic:  13/13      EV: 10    Int:  7    God:
Gold:   118        SH:  0    Dex: 14    Spells: 3/3 levels left

rFire    . . .     SeeInvis .   a - +0 trident
rCold    . . .     Gourm    .   g - +0 buckler
rNeg     . . .     Faith    +   b - +0 scale mail
rPois    .         Spirit   .   k - +0 helmet
rElec    .         Reflect  .   l - scarf {repulsion}
rCorr    .         Harm     .   (no gloves)
MR       .....                  (no boots)
Stlth    ..........             j - amulet of faith
Regen    0.2/turn               e - ring of magical power
MPRegen  0.2/turn               (no ring)

@: confused, repel missiles
A: change form in water, swift swim, stealthy swim
a: no special abilities


You were on level 3 of the Dungeon.
You were not hungry.

You visited 1 branch of the dungeon, and saw 3 of its levels.

You collected 118 gold pieces.

Inventory:

Hand Weapons
 a - a +0 trident (weapon)
Armour
 b - a +0 scale mail (worn)
 c - a +0 shield
 g - a +0 buckler (worn)
 k - a +0 helmet (worn)
 l - a scarf of repulsion (worn)
Jewellery
 e - a ring of magical power (left hand)
 j - an amulet of faith (around neck)
Scrolls
 h - 4 scrolls of teleportation {unknown}
 n - a scroll of enchant weapon {unknown}
 o - 2 scrolls of identify {unknown}
 s - a scroll of random uselessness {unknown}
Potions
 d - 3 potions of might
 i - a potion of flight {unknown}
 m - a potion of berserk rage {unknown}
 p - a potion of lignification {unknown}
 r - a potion of magic {unknown}
Comestibles
 f - 2 bread rations
 q - 4 chunks of flesh


   Skills:
 - Level 3.2 Fighting
 * Level 5.5 Polearms
 - Level 2.1 Armour
 + Level 2.2 Dodging
 + Level 3.8 Shields


You had 3 spell levels left.
You didn't know any spells.

Dungeon Overview and Level Annotations

Branches:
Dungeon (3/15)

Altars:
Elyvilon
Okawaru
Sif Muna
Yredelemnul
The Shining One

Annotations:
D:3 1 runed door, Sigmund


Message History

* * * LOW HITPOINT WARNING * * *
You closely miss something. You hit something. Something hits you.
* * * LOW HITPOINT WARNING * * *
You closely miss something. You block something's attack.
You closely miss something. You barely miss something.
You hear some strange, mumbled words.
You are confused.
Something hits you but does no damage.
You miss something.
You bump into the rock wall.
Something hits you but does no damage.
You miss something.
You hear some strange, mumbled words.
You are more confused.
You closely miss something.
You hear some strange, mumbled words.
A magic dart appears from out of thin air!
The magic dart hits you!
You die...

###.####.###.########.##
#..# #.# #.##..# # #.
##...) #.# #.##.## #.##.
#..._. ... #.##.# ....
..._8_ ... .^##.#
..##..._. ... ####.#
#.#.#..... ##.## #.#
#.........
#.################.####
#.....@{....)......#
####################


There were no monsters in sight!

Vanquished Creatures
  3 adders
  3 worms (D:2)
  2 dart slugs
  4 leopard geckos
  5 orcs (D:3)
  7 bats
  4 giant cockroaches
  6 hobgoblins
  10 kobolds
  3 quokkas
  A frilled lizard (D:1)
  3 goblins
  6 rats
57 creatures vanquished.

Notes
Turn   | Place    | Note
-------+----------+-------------------------------------------
     0 | D:1      | IcyNumb the Merfolk Fighter began the quest for the Orb.
     0 | D:1      | Reached XP level 1. HP: 18/18 MP: 1/1
    95 | D:1      | Reached XP level 2. HP: 23/24 MP: 2/2
   313 | D:1      | Reached skill level 1 in Dodging
   595 | D:1      | Reached skill level 4 in Polearms
   821 | D:2      | Reached XP level 3. HP: 29/29 MP: 3/3
  1014 | D:2      | Found an iron altar of Okawaru.
  1662 | D:2      | Reached XP level 4. HP: 35/35 MP: 4/4
  1755 | D:2      | Reached skill level 5 in Polearms
  2643 | D:3      | Found a runed door.
  2761 | D:3      | Found a white marble altar of Elyvilon.
  2761 | D:3      | Found a glowing golden altar of the Shining One.
  2762 | D:3      | Found a basalt altar of Yredelemnul.
  2762 | D:3      | Found a deep blue altar of Sif Muna.
  2762 | D:3      | Noticed Sigmund
  2794 | D:3      | HP: 1/35 [something (2)]
  2801 | D:3      | Killed from afar by Sigmund

Skill      XL: |  1  2  3  4 |
---------------+-------------+-----
Dodging        | 1 2 |  2.2
Polearms       | 4 5 |  5.5
Fighting       | |  3.2
Armour         | |  2.1
Shields        | |  3.8

Action                   |  1- 3 |  4- 6 || total
-------------------------+-------+-------++-------
Melee: Trident           |   131 |   117 ||   248
  Eat: Chunk             |     3 |     3 ||     6
Armor: Scale mail        |    36 |    38 ||    74
Dodge: Dodged            |    21 |    51 ||    72
       Deflected         |     2 |     2 ||     4
Block: Shield            |    38 |     9 ||    47
       Buckler           |       |    22 ||    22
